 Dungeon Crawl Stone Soup version 0.27-a0-1071-ga85bd9520d (console) character file.

Game seed: 5079472740822342337

4 nht the Digger (level 1, -1/13 HPs)
             Began as a Demonspawn Earth Elementalist on Apr 24, 2021.
             Was a Follower of Cheibriados.
             Slain by a ball python (2 damage)
             ... on level 1 of the Dungeon.
             The game lasted 00:00:39 (124 turns).

nht the Digger (Demonspawn Earth Elementalist)       Turns: 124, Time: 00:00:40

Health: -1/13      AC:  2    Str: 10    XL:     1   Next: 50%
Magic:  0/3        EV:  9    Int: 18    God:    Cheibriados [*.....]
Gold:   17         SH:  0    Dex: 15    Spells: 3/4 levels left

rFire    . . .     SeeInvis .   (no weapon)
rCold    . . .     Faith    .   (no shield)
rNeg     . . .     Spirit   .   c - +0 robe
rPois    .         Reflect  .   (no helmet)
rElec    .         Harm     .   (no cloak)
rCorr    .         Rampage  .   (no gloves)
Will     .....                  (no boots)
Stlth    ++........             (no amulet)
HPRegen  0.04/turn              (no ring)
MPRegen  0.08/turn              (no ring)

@: flying, constricted, very slow
A: no striking features
a: Renounce Religion, Bend Time


You were on level 1 of the Dungeon.
You worshipped Cheibriados.
Cheibriados was aware of your devotion.
You visited 1 branch of the dungeon, and saw 1 of its levels.

You collected 17 gold pieces.

Inventory:

Missiles
 b - 24 stones
Armour
 c - a +0 robe (worn)


   Skills:
 - Level 1.7 Dodging
 - Level 1.7 Stealth
 - Level 2.0 Spellcasting
 - Level 0.8 Transmutations
 + Level 3.0 Earth Magic


You had 3 spell levels left.
You knew the following spells:

 Your Spells              Type           Power      Damage    Failure   Level
a - Sandblast             Erth           24%        2d8       5%          1

Your spell library contained the following spells:

 Spells                   Type           Power      Damage    Failure   Level
 Passwall                 Tmut/Erth      6%         N/A       12%         2
 Stone Arrow              Conj/Erth      14%        3d7       28%         3
 Petrify                  Tmut/Erth      8%         N/A       63%         4
 Lee's Rapid Deconstruct  Erth           6%         3d7*      82%         5


Dungeon Overview and Level Annotations

Branches:
Dungeon (1/15)

Altars:
Cheibriados


Message History

You miscast Sandblast.
You are very lightly contaminated with residual magic.
Nothing appears to happen.
The ball python closely misses you. The ball python barely misses you.
You are too depleted to draw on your mana recklessly!
The quokka bites you. The ball python closely misses you. x2
Found a glowing cyan potion.
The ball python bites you. The ball python misses you.
The ball python bites you but does no damage.
The ball python barely misses you.
Your magical contamination has completely faded away.
The ball python barely misses you. The ball python closely misses you.
You completely miss the ball python. The ball python closely misses you.
The ball python grabs you. The ball python constricts you.
Okay, then.
Casting: Sandblast (safe; 5% risk of failure)
Confirm with . or Enter, or press ? or * to list all spells.
Aiming: Sandblast (safe; 5% risk of failure)
Press: ? - help, Shift-Dir - straight line, f/p - ball python
Aim: a ball python (constricting you, 77% to hit)
The blast of sand misses the ball python.
The blast of sand hits the quokka.
The quokka is moderately wounded.
The ball python bites you but does no damage.
The ball python constricts you.
You hit the ball python but do no damage.
The ball python barely misses you. The ball python constricts you.
You barely miss the ball python. The ball python bites you.
The ball python constricts you.
It was a potion of flight.
You feel very buoyant.
You fly up into the air.
The ball python closely misses you.
* * * LOW HITPOINT WARNING * * *
The ball python constricts you. The ball python bites you.
* * * LOW HITPOINT WARNING * * *
The ball python constricts you.
You hit the ball python.
The ball python is heavily wounded.
The ball python bites you.
You die...

....█...█ .....█...█
.........████
.............
............█ ..
............███....
.........██........
.........██@█
...█....██S██
██>..S.█rS██
█████........$.█
█..†........█......
█.████'████.███.....
█.█.......█.█ ██...
█.█.......█.█ ...
█.█..███..█.█ ..


You could see a quokka and 2 ball pythons.

Vanquished Creatures
  A bat (D:1)
  An endoplasm (D:1)
  A ball python (D:1)
  A rat (D:1)
4 creatures vanquished.

Notes
Turn   | Place    | Note
-------+----------+-------------------------------------------
     0 | D:1      | nht the Demonspawn Earth Elementalist began the quest for
                  | the Orb.
     0 | D:1      | Reached XP level 1. HP: 13/13 MP: 3/3
    92 | D:1      | Found a faded altar of an unknown god.
    95 | D:1      | Became a worshipper of Cheibriados the Contemplative
    95 | D:1      | Reached * piety under Cheibriados
   111 | D:1      | Reached skill level 3 in Earth Magic
   124 | D:1      | Slain by a ball python

Illustrated notes

Levels and vault maps discovered:
D:1:      dpeg_arrival_lava_altar, layout_rooms,
          hellmonk_ecumenical_altar_inner_sanctum, columned_hall_lemuel

Skill      XL: |  1 |
---------------+----+-----
Earth Magic    | 3 |  3.0
Dodging        | |  1.7
Stealth        | |  1.7
Spellcasting   | |  2.0
Transmutations | |  0.8

Action                   || total
-------------------------++-------
Melee: Unarmed           ||     4
 Cast: Sandblast         ||     6
  Use: Potion            ||     1
Armor: Robe              ||     2
Dodge: Dodged            ||    11

Table legend: (Time is in decaauts)
 A = Elapsed time spent in this place.
 B = Non-inter-level travel time spent in this place.
 C = Inter-level travel time spent in this place.
 D = Time resting spent in this place.
 E = Time spent auto-exploring this place.
 F = Levels seen in this place.
 G = Mean time per level.
                   A        B        C        D        E       F      G
               +--------+--------+--------+--------+--------+-----+--------+
         Total |    131 |    131 |      0 |      0 |     82 |   1 |  131.0 |
       Dungeon |    131 |    131 |      0 |      0 |     82 |   1 |  131.0 |
               +--------+--------+--------+--------+--------+-----+--------+

Top non-repeatable levels by time:
     D:1: 131 daAuts
